 Dungeon Crawl Stone Soup version 0.31-a0-700-gf13585253f (webtiles) character file.

Game seed: 333287039398052470

18164 olmar the Thaumaturge (level 12, -1/91 HPs)
             Began as a Gnoll Wanderer on Sept 8, 2023.
             Was an Initiate of Gozag.
             Slain by an emperor scorpion (4 damage)
             ... on level 2 of the Orcish Mines.
             The game lasted 00:48:32 (24697 turns).

olmar the Thaumaturge (Gnoll Wanderer)             Turns: 24697, Time: 00:48:34

Health: -1/91      AC:  7    Str: 11    XL:     12   Next: 55%
Magic:  14/25      EV: 15    Int: 18    God:    Gozag
Gold:   1093       SH:  0    Dex: 14    Spells: 19/29 levels left

rFire   + + .        B - staff of air
rCold   . . .        m - orb {*channel}
rNeg    + . .        n - +2 leather armour {rF+}
rPois   .            (no helmet)
rElec   +            (no cloak)
rCorr   .            F - +0 pair of fencer's gloves {Riposte Dex+3}
SInv    .            (no boots)
Will    .....        (no amulet)
Stlth   +++          b - ring of positive energy
HPRegen 0.35/turn    C - ring of protection from fire
MPRegen 0.19/turn

%: channel magic (20%)
@: lethally poisoned (-1 -> -47), hasted, very quick
A: fangs 1, strong nose, distributed training
a: Renounce Religion, Potion Petition, Call Merchant, Bribe Branch


You were on level 2 of the Orcish Mines.
You worshipped Gozag.
Gozag was most pleased with you.
You visited 3 branches of the dungeon, and saw 14 of its levels.
You also visited: Sewer.

You collected 2598 gold pieces.
You spent 600 gold pieces at shops.
You paid 905 gold pieces to Gozag.

Inventory:

Hand Weapons
 K - the +11 flail of Armageddon {protect, Str+3 Dex+2}
   (You found it on level 9 of the Dungeon)

   Str+3:     It affects your strength (+3).
   Dex+2:     It affects your dexterity (+2).
Missiles
 o - 4 darts of dispersal
 q - a throwing net
 H - 5 javelins
Armour
 m - an orb of energy (worn)
 n - a +2 leather armour of fire resistance (worn)
 v - a +2 pair of gloves
 F - the +0 pair of fencer's gloves (worn) {Riposte Dex+3}
   (You bought it in a shop on level 2 of the Orcish Mines)

   Riposte:   It allows the wearer to riposte with melee weapons, swiftly
   retaliating against missed or blocked melee attacks.
   Dex+3:     It affects your dexterity (+3).
Magical Staves
 i - a staff of conjuration
 B - a staff of air (weapon)
Jewellery
 b - a ring of positive energy (left hand)
 C - a ring of protection from fire (right hand)
Talismans
 l - a beast talisman
Wands
 d - a wand of polymorph (5)
 p - a wand of iceblast (8)
 t - a wand of mindburst (15)
 G - a wand of acid (6)
 J - a wand of flame (7)
Scrolls
 a - a scroll of enchant weapon
 h - a scroll of poison
 k - 3 scrolls of enchant armour
 r - 3 scrolls of noise
 s - a scroll of fog
 w - 3 scrolls of teleportation
 y - a scroll of immolation {unknown}
 A - a scroll of amnesia {unknown}
 D - a scroll of revelation
Potions
 j - 5 potions of haste
 u - 2 potions of cancellation
 x - 3 potions of mutation
 z - a potion of curing
 I - a potion of enlightenment


   Skills:
 + Level 7.5 Fighting
 + Level 7.5 Short Blades
 + Level 7.5 Long Blades
 + Level 7.5 Axes
 + Level 7.5 Maces & Flails
 + Level 7.5 Polearms
 + Level 7.5 Staves
 + Level 7.5 Ranged Weapons
 + Level 8.0 Throwing
 + Level 7.5 Armour
 + Level 8.0 Dodging
 + Level 7.5 Stealth
 + Level 7.5 Shields
 + Level 7.5 Unarmed Combat
 + Level 9.1 Spellcasting
 + Level 6.2 Conjurations
 + Level 6.2 Hexes
 + Level 6.2 Summonings
 + Level 6.2 Necromancy
 + Level 6.2 Translocations
 + Level 6.2 Transmutations
 + Level 6.2 Fire Magic
 + Level 6.2 Ice Magic
 + Level 6.2 Air Magic
 + Level 6.2 Earth Magic
 + Level 7.4 Poison Magic
 + Level 8.7 Invocations
 + Level 8.9 Evocations
 + Level 6.9 Shapeshifting


You had 19 spell levels left.
You knew the following spells:

 Your Spells              Type           Power      Damage    Failure   Level
a - Magic Dart            Conj           100%       1d8       4%          1
b - Poisonous Vapours     Pois/Air       98%        N/A       5%          2
c - Slow                  Hex            100%       N/A       4%          1
d - Call Canine Familiar  Summ           30%        N/A       10%         3
e - Summon Guardian Gole  Hex/Summ       30%        N/A       10%         3

Your spell library contained the following spells:

 Spells                   Type           Power      Damage    Failure   Level
 Apportation              Tloc           60%        N/A       4%          1
 Necrotise                Necr           100%       1d9       4%          1
 Shock                    Conj/Air       100%       1d9       4%          1
 Sting                    Tmut/Pois      100%       1d8       4%          1
 Summon Small Mammal      Summ           100%       N/A       4%          1
 Cigotuvi's Dreadful Rot  Necr/Pois/Air  96%        N/A       5%          2
 Wereblood                Tmut           30%        N/A       6%          2
 Confusing Touch          Hex            30%        N/A       10%         3
 Sigil of Binding         Hex            30%        N/A       10%         3
 Swiftness                Air            46%        N/A       10%         3
 Vampiric Draining        Necr           30%        2d8       10%         3
 Airstrike                Air            23%        2d(4-20)  22%         4
 Dimensional Bullseye     Hex/Tloc       15%        N/A       22%         4
 Passage of Golubria      Tloc           30%        N/A       22%         4
 Agony                    Necr           30%        N/A       45%         5
 Fireball                 Conj/Fire      15%        3d8       45%         5
 Iskenderun's Battlesphe  Conj           30%        2d8       45%         5
 Silence                  Hex/Air        23%        N/A       45%         5
 Conjure Ball Lightning   Conj/Air       23%        3x3d6     91%         6
 Orb of Destruction       Conj           15%        9d7       100%        7
 Discord                  Hex            15%        N/A       100%        8
 Lehudib's Crystal Spear  Conj/Erth      15%        10d5      100%        8


Dungeon Overview and Level Annotations

Branches:
Dungeon (11/15)            Temple (1/1) D:5            Lair (0/5) D:11
    Orc (2/2) D:10            Elf (0/3) Orc:2         Sewer (visited)

Altars:
Ashenzari
Cheibriados
Dithmenos
Elyvilon
Fedhas
Gozag
Hepliaklqana
Kikubaaqudgha
Makhleb
Nemelex Xobeh
Okawaru
Qazlal
Ru
Sif Muna
Trog
Uskayaw
Vehumet
Wu Jian
Xom
Yredelemnul
Zin
The Shining One

Shops:
Orc:2 [

Annotations:
D:5 1 runed translucent door, equiv's ghost, novice DgGl
Orc:2 1 runed translucent door, GiantSquids's ghost, journeyman OpSh


Innate Abilities, Weirdness & Mutations

You have very sharp teeth.
Your uncanny sense of smell can sniff out nearby items.
Your experience applies equally to all skills.


Message History

The emperor scorpion barely misses you. x2
Your hound bites the emperor scorpion but does no damage.
Your hound bites the emperor scorpion.
Unknown command.
You hit the emperor scorpion.
The emperor scorpion is heavily wounded.
Your hound barely misses the emperor scorpion.
The emperor scorpion stings you!
You are lethally poisoned!
The emperor scorpion poisons you! The emperor scorpion claws you.
The emperor scorpion claws you but does no damage.
Okay, then.
Okay, then. [a] - 500 gold - haste, heal wounds and berserk rage [b] - 360 gold - haste and heal wounds [c] - 297 gold - curing and magic Purchase which effect?
You feel yourself speed up.
You feel much better.
You feel extremely sick.
Your hound bites the emperor scorpion.
The emperor scorpion stings you!
You are lethally poisoned!
The emperor scorpion poisons you! The emperor scorpion claws you. x2
Your hound bites the emperor scorpion but does no damage.
Unknown command.
* * * LOW HITPOINT WARNING * * *
You feel extremely sick.
* * * LOW HITPOINT WARNING * * *
You feel extremely sick.
Unknown command.
Press: ? - help, v - describe, . - travel
Here: an emperor scorpion (heavily wounded, ally target)
The floor.
You feel better. The emperor scorpion stings you!!
* * * LOW HITPOINT WARNING * * *
You are lethally poisoned!
The emperor scorpion poisons you!
The emperor scorpion closely misses you.
The emperor scorpion claws you.
You die...
Your body crumbles into a pile of gold.

##.#[....#.#######............
##...)......#.#.##.##..........
##......#.......................
#.......##...[..............8...
#......###.....##.......[..#####
#.....## ##....#......[..#[.#
##.....###.......#.#...[....#
#.#....#.......###..[....###
####..........@##........##
#...........s##.8......# ##
#......<.#..h.9......[#####.
###...........8.∩<8..)#§[§.)
##...#.........###..[§[§)(
#..####......8# ##^..§§). ####
###.....# ###..... ##..#.##
#...... #...### #....#.#


You could see an emperor scorpion (ally target), a friendly guardian golem
(summoned) and a friendly hound (summoned, sheltered).

Vanquished Creatures
  A centaur warrior (D:11)
  A boulder beetle (D:8)
  2 two-headed ogres
  An orc high priest (Orc:2)
  An ugly thing (D:10)
  2 orc knights
  4 orc sorcerers
  5 trolls
  A hornet (D:10)
  Grinder (D:3)
  A wraith (D:11)
  9 yaks (D:10)
  A wyvern (D:10)
  2 steam dragons
  Menkaure (D:7)
  A warg (Orc:2)
  3 water moccasins
  An acid dragon (D:10)
  2 ice beasts (D:6)
  24 orc warriors
  3 sky beasts
  6 ogres
  4 centaurs
  Blork the orc (D:6)
  6 bullfrogs
  2 gnoll sergeants
  3 scorpions (D:5)
  32 killer bees
  8 howler monkeys
  4 jellies
  10 orc priests
  2 gnoll boudas
  A hound (D:5)
  5 iguanas
  3 sleepcaps
  Terence (D:3)
  17 orc wizards
  19 gnolls
  10 adders
  2 river rats (D:3)
  2 white imps
  3 ufetubi
  5 worms
  2 dart slugs
  54 orcs
  7 endoplasms
  9 giant cockroaches
  3 goblins (D:1)
  7 hobgoblins
  10 jackals
  3 kobolds
  6 quokkas
  11 ball pythons
  2 bats (D:1)
  15 frilled lizards
  5 rats
347 creatures vanquished.

Vanquished Creatures (collateral kills)
  An orc knight (Orc:2)
  An orc warrior (Orc:2)
  An ogre (Orc:1)
  An orc priest (Orc:1)
  4 orc wizards
  A gnoll (Orc:1)
  An adder (D:3)
  A river rat (D:3)
  2 worms (D:3)
  4 orcs
  An endoplasm (D:3)
18 creatures vanquished.

Vanquished Creatures (others)
  A bullfrog (D:7)
  A river rat (D:3)
  An orc (D:3)
3 creatures vanquished.

Grand Total: 368 creatures vanquished

Notes
Turn   | Place    | Note
-------+----------+-------------------------------------------
     0 | D:1      | olmar the Gnoll Wanderer began the quest for the Orb.
     0 | D:1      | olmar set off with the following items: a +0 dagger, a
                  | scroll of butterflies, a +0 robe, a wand of polymorph (6);
                  | and the following spell memorised: Magic Dart; and the
                  | following spells available to memorise: Poisonous Vapours,
                  | Cigotuvi's Dreadful Rot, Wereblood, Vampiric Draining.
     0 | D:1      | Reached XP level 1. HP: 13/13 MP: 6/6
   366 | D:1      | Reached XP level 2. HP: 12/19 MP: 4/7
  1334 | D:2      | Learned a level 2 spell: Poisonous Vapours
  1370 | D:2      | Reached skill level 5 in Spellcasting
  1370 | D:2      | Reached XP level 3. HP: 25/25 MP: 4/9
  1908 | D:2      | Reached skill level 1 in Fighting
  1908 | D:2      | Reached skill level 1 in Short Blades
  1908 | D:2      | Reached skill level 1 in Long Blades
  1908 | D:2      | Reached skill level 1 in Axes
  1908 | D:2      | Reached skill level 1 in Maces & Flails
  1908 | D:2      | Reached skill level 1 in Polearms
  1908 | D:2      | Reached skill level 1 in Staves
  1908 | D:2      | Reached skill level 1 in Ranged Weapons
  1908 | D:2      | Reached skill level 1 in Armour
  1908 | D:2      | Reached skill level 1 in Stealth
  1908 | D:2      | Reached skill level 1 in Shields
  1908 | D:2      | Reached skill level 1 in Unarmed Combat
  1969 | D:2      | Learned a level 1 spell: Slow
  2159 | D:3      | HP: 1/26 [gnoll/+0 halberd (11)]
  2304 | D:3      | Noticed Sigmund
  2305 | D:3      | Sigmund changed into Sigmund the howler monkey
  2305 | D:3      | Noticed Sigmund
  2329 | D:3      | Reached XP level 4. HP: 23/32 MP: 11/11
  2330 | D:3      | Reached skill level 1 in Shapeshifting
  2346 | D:3      | Killed Sigmund the howler monkey
  2347 | D:3      | Reached skill level 1 in Conjurations
  2347 | D:3      | Reached skill level 1 in Hexes
  2347 | D:3      | Reached skill level 1 in Summonings
  2347 | D:3      | Reached skill level 1 in Necromancy
  2347 | D:3      | Reached skill level 1 in Translocations
  2347 | D:3      | Reached skill level 1 in Transmutations
  2347 | D:3      | Reached skill level 1 in Fire Magic
  2347 | D:3      | Reached skill level 1 in Ice Magic
  2347 | D:3      | Reached skill level 1 in Air Magic
  2347 | D:3      | Reached skill level 1 in Earth Magic
  2435 | D:3      | Reached XP level 5. HP: 16/37 MP: 1/12
  2550 | D:3      | Found a glowing drain.
  2557 | Sewer    | Entered a sewer
  3482 | Sewer    | Reached XP level 6. HP: 33/44 MP: 4/14
  3570 | Sewer    | Reached skill level 5 in Evocations
  4258 | D:3      | Noticed Grinder
  4267 | D:3      | Paralysed by Grinder for 5 turns
  4306 | D:3      | Paralysed by Grinder for 3 turns
  4313 | D:3      | Paralysed by Grinder for 2 turns
  4320 | D:3      | Killed Grinder
  4321 | D:3      | Reached XP level 7. HP: 51/51 MP: 3/15
  4804 | D:3      | Noticed Terence
  4861 | D:3      | Killed Terence
  6346 | D:5      | Entered Level 5 of the Dungeon
  6361 | D:5      | Reached XP level 8. HP: 19/57 MP: 8/16
  7163 | D:5      | Found a staircase to the Ecumenical Temple.
  7187 | Temple   | Entered the Ecumenical Temple
  7257 | Temple   | Became a worshipper of Gozag Ym Sagoz the Greedy
  7380 | D:5      | Found a runed translucent door.
  7380 | D:5      | Noticed equiv's ghost (novice DgGl)
  7654 | D:5      | Reached skill level 6 in Spellcasting
  8120 | D:6      | Noticed Blork the orc
  8134 | D:6      | Killed Blork the orc
  8975 | D:6      | Got the Elucidation of the Raven
  8988 | D:6      | Reached skill level 5 in Poison Magic
  8988 | D:6      | Reached skill level 5 in Invocations
  9029 | D:6      | Reached XP level 9. HP: 64/65 MP: 12/18
  9612 | D:7      | Found a shadowy altar of Dithmenos.
  9923 | D:6      | Reached skill level 5 in Throwing
  9923 | D:6      | Reached skill level 5 in Dodging
 10450 | D:7      | Found a radiant altar of Vehumet.
 10454 | D:7      | Found a blossoming altar of Fedhas.
 10485 | D:7      | Noticed Menkaure
 10501 | D:7      | Killed Menkaure
 11358 | D:8      | Reached skill level 7 in Spellcasting
 11556 | D:8      | Reached XP level 10. HP: 47/73 MP: 13/20
 11825 | D:8      | Reached skill level 5 in Fighting
 11825 | D:8      | Reached skill level 5 in Short Blades
 11825 | D:8      | Reached skill level 5 in Long Blades
 11825 | D:8      | Reached skill level 5 in Axes
 11825 | D:8      | Reached skill level 5 in Maces & Flails
 11825 | D:8      | Reached skill level 5 in Polearms
 11825 | D:8      | Reached skill level 5 in Staves
 11825 | D:8      | Reached skill level 5 in Ranged Weapons
 11825 | D:8      | Reached skill level 5 in Armour
 11825 | D:8      | Reached skill level 5 in Stealth
 11825 | D:8      | Reached skill level 5 in Shields
 11825 | D:8      | Reached skill level 5 in Unarmed Combat
 12034 | D:8      | Noticed a boulder beetle
 12054 | D:8      | Killed a boulder beetle
 12490 | D:8      | Found a burning altar of Makhleb.
 13040 | D:8      | Noticed a two-headed ogre
 13088 | D:8      | Killed a two-headed ogre
 13089 | D:8      | Reached skill level 5 in Shapeshifting
 14315 | D:9      | Identified the +11 flail of Armageddon {protect, Str+3
                  | Dex+2}
 14647 | D:9      | Found a snail-covered altar of Cheibriados.
 14991 | D:10     | Entered Level 10 of the Dungeon
 15034 | D:10     | Noticed a two-headed ogre
 15119 | D:10     | Killed a two-headed ogre
 15183 | D:10     | Paralysed by a hornet for 1 turns
 15187 | D:10     | Reached XP level 11. HP: 62/81 MP: 17/22
 15388 | D:10     | Found a staircase to the Orcish Mines.
 15434 | D:10     | Reached skill level 5 in Conjurations
 15434 | D:10     | Reached skill level 5 in Hexes
 15434 | D:10     | Reached skill level 5 in Summonings
 15434 | D:10     | Reached skill level 5 in Necromancy
 15434 | D:10     | Reached skill level 5 in Translocations
 15434 | D:10     | Reached skill level 5 in Transmutations
 15434 | D:10     | Reached skill level 5 in Fire Magic
 15434 | D:10     | Reached skill level 5 in Ice Magic
 15434 | D:10     | Reached skill level 5 in Air Magic
 15434 | D:10     | Reached skill level 5 in Earth Magic
 15446 | D:10     | Reached skill level 8 in Spellcasting
 16515 | D:11     | Noticed a centaur warrior
 16524 | D:11     | Killed a centaur warrior
 16525 | D:11     | Noticed a manticore
 16747 | D:10     | Learned a level 3 spell: Call Canine Familiar
 16748 | D:11     | Noticed a white ugly thing
 16779 | D:10     | Killed a brown ugly thing
 17870 | D:11     | Noticed a cyclops
 17994 | Orc:1    | Entered Level 1 of the Orcish Mines
 19762 | Orc:1    | Noticed an orc sorcerer
 19774 | Orc:1    | Killed an orc sorcerer
 20125 | Orc:2    | Entered Level 2 of the Orcish Mines
 20145 | Orc:2    | Reached XP level 12. HP: 89/89 MP: 8/24
 21115 | Orc:1    | HP: 2/91 [orc knight/+2 long sword (23)]
 21713 | Orc:2    | Found Jaxt's Armour Boutique.
 21720 | Orc:2    | Bought the +0 pair of fencer's gloves {Riposte Dex+3} for
                  | 600 gold pieces
 21720 | Orc:2    | Found the +0 pair of fencer's gloves {Riposte Dex+3}
 22201 | Orc:2    | Noticed an orc high priest
 22225 | Orc:2    | Noticed a soul eater
 22227 | Orc:2    | Killed an orc high priest
 22302 | Orc:2    | Reached skill level 9 in Spellcasting
 22642 | Orc:2    | Noticed an orc warlord
 22873 | D:10     | Learned a level 3 spell: Summon Guardian Golem
 22908 | Orc:2    | Found a staircase to the Elven Halls.
 22910 | Orc:2    | Noticed GiantSquids's ghost (journeyman OpSh)
 22926 | Orc:2    | Found a runed translucent door.
 24677 | Orc:2    | an orc warlord changed into an emperor scorpion
 24677 | Orc:2    | Noticed an emperor scorpion
 24697 | Orc:2    | HP: 3/91 [emperor scorpion (19)]
 24697 | Orc:2    | Slain by an emperor scorpion

Illustrated notes

Levels and vault maps discovered:
D:1:      dpeg_arrival_shrine, layout_basic, minmay_tromino_mix6
D:2:      layout_rooms, skrybe_limestone_x, small_statue_intersection
D:3:      layout_basic, lightli_sewer_entry_pipes, uniq_terence, uniq_sigmund,
          uniq_grinder
D:4:      layout_basic
D:5:      layout_basic, temple_fountains, gammafunk_ghost_grave,
          hangedman_abyss_or_decor_lesser_grid
D:6:      layout_rooms, serial_curves, eino_curves_01, eino_curves_02,
          eino_curves_03, bh_walls_and_bars, uniq_blork_the_orc
D:7:      layout_cave_pods, overflow_temple_1_default,
          grunt_temple_overflow_open, supply_closet_lemuel, uniq_menkaure
D:8:      layout_loops_corners, mainiacjoe_overflow_chevrons
D:9:      layout_stronghold, chei_slow_surprise
D:10:     layout_loops_cross
D:11:     hangedman_what_comes_after_a, layout_long_grid,
          minmay_lair_entry_grove, hex_large
Temple:   minmay_temple_bridge_d
Orc:1:    layout_diamond_mine
Orc:2:    grunt_orc_cross, layout_diamond_mine, hellmonk_ghost_happy_afterlife,
          serial_shops, nicolae_shop_statue_plus, nicolae_shop_waterfront,
          nicolae_lakefront_shop, nicolae_orc_lost_temple, uniq_urug

Skill      XL: |  1  2  3  4  5  6  7  8  9 10 11 12 |
---------------+-------------------------------------+-----
Spellcasting   | 5 6 7 8 9 |  9.1
Fighting       | 1 2 3 4 5 6 7 |  7.5
Short Blades   | 1 2 3 4 5 6 7 |  7.5
Long Blades    | 1 2 3 4 5 6 7 |  7.5
Axes           | 1 2 3 4 5 6 7 |  7.5
Maces & Flails | 1 2 3 4 5 6 7 |  7.5
Polearms       | 1 2 3 4 5 6 7 |  7.5
Staves         | 1 2 3 4 5 6 7 |  7.5
Ranged Weapons | 1 2 3 4 5 6 7 |  7.5
Armour         | 1 2 3 4 5 6 7 |  7.5
Stealth        | 1 2 3 4 5 6 7 |  7.5
Shields        | 1 2 3 4 5 6 7 |  7.5
Unarmed Combat | 1 2 3 4 5 6 7 |  7.5
Shapeshifting  | 1 2 3 4 5 6 |  6.9
Conjurations   | 1 2 3 4 5 6 |  6.2
Hexes          | 1 2 3 4 5 6 |  6.2
Summonings     | 1 2 3 4 5 6 |  6.2
Necromancy     | 1 2 3 4 5 6 |  6.2
Translocations | 1 2 3 4 5 6 |  6.2
Transmutations | 1 2 3 4 5 6 |  6.2
Fire Magic     | 1 2 3 4 5 6 |  6.2
Ice Magic      | 1 2 3 4 5 6 |  6.2
Air Magic      | 1 2 3 4 5 6 |  6.2
Earth Magic    | 1 2 3 4 5 6 |  6.2
Invocations    | 3 4 5 6 7 8 |  8.7
Throwing       | 3 4 5 6 7 8 |  8.0
Dodging        | 3 4 5 6 7 8 |  8.0
Poison Magic   | 4 5 6 7 |  7.4
Evocations     | 5 6 7 8 |  8.9

Action                     |  1- 3 |  4- 6 |  7- 9 | 10-12 || total
---------------------------+-------+-------+-------+-------++-------
  Melee: Dagger            |    98 |       |       |       ||    98
         Bite              |    20 |     7 |    15 |    29 ||    71
         Punch             |     4 |       |       |       ||     4
         Staff             |    34 |    74 |   151 |   247 ||   506
  Throw: Dart              |       |       |       |     4 ||     4
   Cast: Magic Dart        |    44 |   151 |   216 |   183 ||   594
         Poisonous Vapours |    16 |    23 |   113 |   319 ||   471
         Slow              |       |     3 |    55 |    78 ||   136
         Call Canine Famil |       |       |       |    41 ||    41
         Summon Guardian G |       |       |       |     2 ||     2
 Invoke: Potion Petition   |       |       |       |     2 ||     2
  Evoke: Wand              |     2 |     7 |     5 |    19 ||    33
    Use: Scroll            |     7 |       |     7 |     9 ||    23
         Potion            |     1 |       |     1 |     1 ||     3
   Stab: Distracted        |       |       |       |     6 ||     6
 Armour: Leather armour    |    80 |   111 |   204 |   326 ||   721
  Dodge: Dodged            |    95 |   112 |   164 |   338 ||   709
Riposte: Staff             |       |       |       |    10 ||    10
   Form: Beast             |     1 |       |       |       ||     1
                           |       |       |     1 |       ||     1

Table legend: (Time is in decaauts)
 A = Elapsed time spent in this place.
 B = Non-inter-level travel time spent in this place.
 C = Inter-level travel time spent in this place.
 D = Time resting spent in this place.
 E = Time spent auto-exploring this place.
 F = Levels seen in this place.
 G = Mean time per level.
                   A        B        C        D        E       F      G
               +--------+--------+--------+--------+--------+-----+--------+
         Total |  24850 |  23891 |    959 |  10158 |   9369 |  15 | 1656.7 |
       Dungeon |  16548 |  15883 |    665 |   4576 |   8126 |  11 | 1504.4 |
        Temple |    140 |      8 |    132 |      0 |      0 |   1 |  140.0 |
  Orcish Mines |   6682 |   6520 |    162 |   4893 |    693 |   2 | 3341.0 |
         Sewer |   1478 |   1478 |      0 |    688 |    550 |   1 | 1478.0 |
               +--------+--------+--------+--------+--------+-----+--------+

Top non-repeatable levels by time:
   Orc:2: 3523 daAuts
   Orc:1: 3159 daAuts
    D:10: 2753 daAuts
     D:8: 2191 daAuts
     D:6: 2077 daAuts
     D:3: 1588 daAuts
     D:5: 1544 daAuts
   Sewer: 1478 daAuts
     D:9: 1355 daAuts
     D:7: 1336 daAuts
     D:1: 1330 daAuts
     D:4: 1273 daAuts
     D:2: 828 daAuts
    D:11: 270 daAuts
  Temple: 140 daAuts
